Inferno vs River Rats
Created - 1 mai 2013 at 23:29
Goals
|
| Inferno |
2 |
2 |
0 |
4 |
| River Rats |
3 |
4 |
1 |
8 |
|
Shots
|
| Inferno |
9 |
10 |
13 |
32 |
| River Rats |
17 |
12 |
7 |
36 |
|
1st period
1. River Rats , Vladimir Orszagh 12 (Jay Beagle, Jonathan Ericsson) at 0:49
2. River Rats , Andy Greene 11 (Tyler Bozak, Mikael Renberg) at 13:55
3. Inferno , Jay Pandolfo 33 (Mikhail Grabovski, Andrej Sekera) at 15:45 (SH)
4. Inferno , Branko Radivojevic 51 (Jay Pandolfo, Matt Smaby) at 18:34
5. River Rats , Dustin Boyd 49 (Lee Stempniak, Chris Mcallister) at 19:41
Penalties :
Matt Jones (Alb) for Holding (Minor) at 7:00, Brad Marchand (Anc) for Holding (Minor) at 14:42, Mikhail Grabovski (Anc) for Interference (Minor) at 19:44
2nd period
6. River Rats , Tyler Bozak 24 (Lee Stempniak, Andy Greene) at 1:01 (PP)
7. Inferno , Brad Marchand 24 (Vladimir Zharkov) at 5:38
8. River Rats , Benn Ferriero 12 (Jonathan Ericsson, Jay Beagle) at 6:46
9. River Rats , Jay Beagle 12 (Vladimir Orszagh, Jonathan Ericsson) at 7:27
10. River Rats , Jonathan Ericsson 9 (Lee Stempniak, Brett Maclean) at 11:56 (PP)
11. Inferno , Mikhail Grabovski 45 (Branko Radivojevic, Brendan Smith) at 16:11
Penalties :
Brendan Mikkelson (Anc) for Roughing (Minor) at 11:22, Branko Radivojevic (Anc) for Roughing (Double Minor) at 12:03
3rd period
12. River Rats , Andrej Meszaros 4 (Bryan Bickell, Mikael Renberg) at 5:55
Penalties :
Bryan Bickell (Alb) for Cross-checking (Minor) at 3:27, Jonathan Ericsson (Alb) for Cross-checking (Minor) at 9:37
Goalie Stats
Jonathan Boutin (Anc), 18 saves from 22 shots - (0,818), 35:06 minutes
Josh Harding (Anc), 10 saves from 14 shots - (0,714), L, 18-21-6, 24:54 minutes
Barry Brust (Alb), 28 saves from 32 shots - (0,875), W, 17-7-4, 60:00 minutes
Players Stats for Inferno
Player Name G A P +/- PIM S H SB GA TA FO MP PP MP PK MP
------------------------------------------------------------------------------------
Alec Martinez 0 0 0 1 0 1 0 0 0 0 0/0 11:40 0:00 0:39
Alex Berry 0 0 0 -1 0 0 0 1 0 0 0/0 8:00 0:22 0:00
Andrej Sekera 0 1 1 -2 0 1 0 2 1 1 0/0 27:23 2:52 4:01
Brad Marchand 1 0 1 0 2 3 0 0 0 0 0/0 14:15 2:41 1:24
Branko Radivojevic 1 1 2 -1 4 5 2 1 1 3 1/1 21:40 2:54 2:56
Brendan Mikkelson 0 0 0 0 2 0 0 2 0 0 0/0 13:26 0:00 2:35
Brendan Smith 0 1 1 0 0 1 3 0 0 0 0/0 19:10 3:05 1:13
Brian Boyle 0 0 0 -1 0 3 3 1 0 0 10/17 17:04 0:00 4:30
Derek Meech 0 0 0 -1 0 2 2 1 1 2 0/0 20:57 3:05 3:09
Jake Dowell 0 0 0 0 0 0 1 0 0 0 1/3 8:19 0:00 1:18
Jay Pandolfo 1 1 2 0 0 8 3 1 1 0 3/7 20:51 2:59 2:01
Jonathan Ferland 0 0 0 -1 0 1 1 0 1 0 0/0 15:15 2:41 0:00
Matt Smaby 0 1 1 -2 0 0 0 1 2 1 0/0 27:23 2:52 4:01
Mikhail Grabovski 1 1 2 -1 2 3 1 0 0 1 14/33 20:24 2:54 1:40
Pierre-Luc Létourneau 0 0 0 0 0 2 0 0 2 0 0/0 9:50 0:23 1:49
Stephane Veilleux 0 0 0 -2 0 1 2 0 2 0 0/1 13:27 0:16 0:00
Vladimir Sobotka 0 0 0 0 0 0 1 0 0 0 1/2 12:52 2:41 0:00
Vladimir Zharkov 0 1 1 0 0 1 1 1 0 0 0/1 10:11 0:00 0:00
Players Stats for River Rats
Player Name G A P +/- PIM S H SB GA TA FO MP PP MP PK MP
------------------------------------------------------------------------------------
Andrej Meszaros 1 0 1 2 0 4 4 0 0 4 0/0 25:28 4:18 1:07
Andy Greene 1 1 2 -1 0 4 0 2 1 1 0/0 27:19 2:44 2:49
Benn Ferriero 1 0 1 3 0 3 2 0 1 0 3/4 10:45 0:00 0:00
Brett Maclean 0 1 1 1 0 1 2 0 0 0 0/0 15:48 3:11 0:00
Bryan Bickell 0 1 1 -2 2 0 2 0 0 2 0/0 8:02 0:44 0:56
Chris Mcallister 0 1 1 0 0 0 5 0 0 0 1/1 20:55 3:45 0:40
Dustin Boyd 1 0 1 0 0 3 1 1 1 1 20/38 22:33 3:45 2:15
Jay Beagle 1 2 3 3 0 1 0 2 0 0 0/1 11:40 0:53 0:00
Jonathan Ericsson 1 3 4 2 2 7 1 1 2 1 0/0 20:40 4:52 1:50
Kyle Chipchura 0 0 0 -2 0 0 0 0 0 0 3/7 9:27 0:20 2:59
Lee Stempniak 0 3 3 1 0 2 3 1 1 0 1/1 21:43 3:11 1:51
Martin Grenier 0 0 0 0 0 1 1 0 0 0 0/0 20:24 3:18 2:37
Matt Jones 0 0 0 0 2 0 0 1 0 2 0/0 13:50 0:13 1:33
Mikael Renberg 0 2 2 0 0 3 2 0 0 0 2/2 19:12 3:45 3:02
Niklas Hjalmarsson 0 0 0 1 0 0 1 0 0 0 0/0 12:31 0:13 1:58
Trent Hunter 0 0 0 -2 0 1 1 0 0 0 0/0 6:06 0:00 0:00
Tyler Bozak 1 1 2 1 0 3 1 0 1 0 5/11 16:09 3:10 0:11
Vladimir Orszagh 1 1 2 3 0 3 0 1 1 0 0/0 11:28 0:43 0:00
3 Stars
1 - Jay Beagle (Alb)
2 - Jonathan Ericsson (Alb)
3 - Vladimir Orszagh (Alb)
Power Play
Inferno - 0 on 3 Attempt(s) - 0,00%
River Rats - 2 on 5 Attempt(s) - 40,00%
Penalty Kill
Inferno - 3 on 5 Attempt(s) - 60,00%
- Score 1 goal in Penalty Kill
River Rats - 3 on 3 Attempt(s) - 100,00%
- Score 0 goal in Penalty Kill
Official
Referees : Leggo Mike and McCreary Bill
Linesman : Jonny Murray and Brad Kovachik
Game Notes
Josh Harding enters game at 1:01 of 2nd period
Jonathan Boutin enters game at 5:55 of 3rd period
Inferno
5 vs 5 Forward
Center Left Wing Right Wing Time % Phy DF OF
1 Mikhail Grabovski Jay Pandolfo Branko Radivojevic 40 1 2 2
2 Brian Boyle Stephane Veilleux Jonathan Ferland 30 1 2 2
3 Vladimir Sobotka Brad Marchand Vladimir Zharkov 20 1 2 2
4 Jake Dowell Pierre-Luc Létourneau Alex Berry 10 1 2 2
5 vs 5 Defense
Defense Defense Time % Phy DF OF
1 Matt Smaby Andrej Sekera 40 1 2 2
2 Brendan Smith Derek Meech 30 1 2 2
3 Brendan Mikkelson Alec Martinez 20 1 2 2
4 Matt Smaby Andrej Sekera 10 1 2 2
PowerPlay Forward
Center Left Wing Right Wing Time % Phy DF OF
1 Mikhail Grabovski Jay Pandolfo Branko Radivojevic 60 1 2 2
2 Vladimir Sobotka Brad Marchand Jonathan Ferland 40 1 2 2
PowerPlay Defense
Defense Defense Time % Phy DF OF
1 Matt Smaby Andrej Sekera 60 1 2 2
2 Brendan Smith Derek Meech 40 1 2 2
Penalty Kill 4 Players Forward
Center Wing Time % Phy DF OF
1 Brian Boyle Branko Radivojevic 60 1 2 2
2 Mikhail Grabovski Jay Pandolfo 40 1 2 2
Penalty Kill 4 Players Defense
Defense Defense Time % Phy DF OF
1 Matt Smaby Andrej Sekera 60 1 2 2
2 Brendan Mikkelson Derek Meech 40 1 2 2
Penalty Kill - 3 Players Forward
Forward Time % Phy DF OF
1 Brian Boyle 60 1 2 2
2 Jay Pandolfo 40 1 2 2
Penalty Kill - 3 Players Defense
Defense Defense Time % Phy DF OF
1 Matt Smaby Andrej Sekera 60 1 2 2
2 Brendan Mikkelson Derek Meech 40 1 2 2
4 vs 4 Forward
Center Wing Time % Phy DF OF
1 Mikhail Grabovski Branko Radivojevic 60 1 2 2
2 Brian Boyle Jay Pandolfo 40 1 2 2
4 vs 4 Defense
Defense Defense Time % Phy DF OF
1 Matt Smaby Andrej Sekera 60 1 2 2
2 Brendan Smith Derek Meech 40 1 2 2
Last Minutes Offensive
Center Left Wing Right Wing Defense Defense
Mikhail Grabovski Jay Pandolfo Branko Radivojevic Matt Smaby Andrej Sekera
Last Minutes Defensive
Center Left Wing Right Wing Defense Defense
Mikhail Grabovski Jay Pandolfo Branko Radivojevic Matt Smaby Andrej Sekera
Goaltenders
Starting : Jonathan Boutin
Backup : Josh Harding
Extra Forwards
Normal : Brad Marchand, Jonathan Ferland, Stephane Veilleux - PP : Brad Marchand, Pierre-Luc Létourneau - PK : Pierre-Luc Létourneau
Extra Defensemen
Normal : Derek Meech, Brendan Smith, Alec Martinez - PP : Brendan Smith - PK : Derek Meech, Brendan Mikkelson
Penalty Shots
Branko Radivojevic, Jay Pandolfo, Stephane Veilleux, Jonathan Ferland, Mikhail Grabovski
River Rats
5 vs 5 Forward
Center Left Wing Right Wing Time % Phy DF OF
1 Dustin Boyd Chris Mcallister Lee Stempniak 40 0 2 3
2 Tyler Bozak Brett Maclean Mikael Renberg 30 0 2 3
3 Benn Ferriero Vladimir Orszagh Jay Beagle 20 1 2 2
4 Kyle Chipchura Bryan Bickell Trent Hunter 10 1 2 2
5 vs 5 Defense
Defense Defense Time % Phy DF OF
1 Andy Greene Andrej Meszaros 40 1 2 2
2 Jonathan Ericsson Martin Grenier 30 1 2 2
3 Matt Jones Niklas Hjalmarsson 20 1 2 2
4 Andy Greene Matt Jones 10 1 2 2
PowerPlay Forward
Center Left Wing Right Wing Time % Phy DF OF
1 Dustin Boyd Chris Mcallister Mikael Renberg 60 1 2 2
2 Tyler Bozak Brett Maclean Lee Stempniak 40 1 2 2
PowerPlay Defense
Defense Defense Time % Phy DF OF
1 Andrej Meszaros Jonathan Ericsson 60 1 2 2
2 Andy Greene Martin Grenier 40 1 2 2
Penalty Kill 4 Players Forward
Center Wing Time % Phy DF OF
1 Kyle Chipchura Mikael Renberg 60 1 2 2
2 Dustin Boyd Lee Stempniak 40 1 2 2
Penalty Kill 4 Players Defense
Defense Defense Time % Phy DF OF
1 Jonathan Ericsson Andy Greene 60 1 2 2
2 Matt Jones Martin Grenier 40 1 2 2
Penalty Kill - 3 Players Forward
Forward Time % Phy DF OF
1 Kyle Chipchura 60 1 2 2
2 Mikael Renberg 40 1 2 2
Penalty Kill - 3 Players Defense
Defense Defense Time % Phy DF OF
1 Martin Grenier Andy Greene 60 1 2 2
2 Matt Jones Jonathan Ericsson 40 1 2 2
4 vs 4 Forward
Center Wing Time % Phy DF OF
1 Tyler Bozak Lee Stempniak 60 1 2 2
2 Dustin Boyd Chris Mcallister 40 1 2 2
4 vs 4 Defense
Defense Defense Time % Phy DF OF
1 Andrej Meszaros Jonathan Ericsson 60 1 2 2
2 Matt Jones Niklas Hjalmarsson 40 1 2 2
Last Minutes Offensive
Center Left Wing Right Wing Defense Defense
Dustin Boyd Chris Mcallister Lee Stempniak Jonathan Ericsson Martin Grenier
Last Minutes Defensive
Center Left Wing Right Wing Defense Defense
Dustin Boyd Chris Mcallister Lee Stempniak Jonathan Ericsson Martin Grenier
Goaltenders
Starting : Barry Brust
Backup : Jeff Glass
Extra Forwards
Normal : Bryan Bickell, Brett Maclean, Vladimir Orszagh - PP : Vladimir Orszagh, Brett Maclean - PK : Lee Stempniak
Extra Defensemen
Normal : Niklas Hjalmarsson, Matt Jones, Andrej Meszaros - PP : Andy Greene - PK : Niklas Hjalmarsson, Andrej Meszaros
Penalty Shots
Lee Stempniak, Mikael Renberg, Dustin Boyd, Brett Maclean, Benn Ferriero
% Time on Ice - Inferno
Lines # - Real PCT - Wanted PCT - Time Play
Normal Forward
1 - 36% - 40% - 16:28
2 - 27% - 30% - 12:34
3 - 22% - 20% - 10:11
4 - 15% - 10% - 7:01
Normal Defense
1 - 41% - 40% - 19:00
2 - 32% - 30% - 14:43
3 - 24% - 20% - 10:52
4 - 4% - 10% - 1:39
PP Forward
1 - 55% - 60% - 3:16
2 - 45% - 40% - 2:41
PP Defense
1 - 48% - 60% - 2:52
2 - 52% - 40% - 3:05
PK Forward
1 - 89% - 60% - 6:57
2 - 11% - 40% - 0:52
PK Defense
1 - 60% - 60% - 4:40
2 - 40% - 40% - 3:09
PK3 Forward
1 - 0% - 60%
2 - 0% - 40%
PK3 Defense
1 - 0% - 60%
2 - 0% - 40%
44 Forward
1 - 0% - 60%
2 - 0% - 40%
44 Defense
1 - 0% - 60%
2 - 0% - 40%
Last Minute Offensive - 0:00
Last Minute Defensive - 0:00
Total
Forward - 60:00
Defense - 60:00
|
% Time on Ice - River Rats
Lines # - Real PCT - Wanted PCT - Time Play
Normal Forward
1 - 36% - 40% - 16:46
2 - 27% - 30% - 12:37
3 - 23% - 20% - 10:45
4 - 13% - 10% - 6:06
Normal Defense
1 - 41% - 40% - 18:53
2 - 32% - 30% - 14:48
3 - 22% - 20% - 10:17
4 - 5% - 10% - 2:16
PP Forward
1 - 54% - 60% - 4:15
2 - 46% - 40% - 3:34
PP Defense
1 - 65% - 60% - 5:05
2 - 35% - 40% - 2:44
PK Forward
1 - 80% - 60% - 4:45
2 - 20% - 40% - 1:12
PK Defense
1 - 56% - 60% - 3:20
2 - 44% - 40% - 2:37
PK3 Forward
1 - 0% - 60%
2 - 0% - 40%
PK3 Defense
1 - 0% - 60%
2 - 0% - 40%
44 Forward
1 - 0% - 60%
2 - 0% - 40%
44 Defense
1 - 0% - 60%
2 - 0% - 40%
Last Minute Offensive - 0:00
Last Minute Defensive - 0:00
Total
Forward - 60:00
Defense - 60:00
|
Play by Play
1st period
0:01 of 1st period - Dustin Boyd wins face-off versus Mikhail Grabovski in neutral zone.
0:33 of 1st period - Slapshot by Stephane Veilleux.
0:33 of 1st period - Deflect By Brian Boyle.
0:33 of 1st period - Shot Misses the Net.
0:33 of 1st period - Puck is out of play.
0:34 of 1st period - Vladimir Sobotka wins face-off versus Jay Beagle in River Rats zone.
0:35 of 1st period - Snap shot by Vladimir Zharkov.
0:35 of 1st period - Shot Misses the Net.
0:45 of 1st period - Slapshot by Jonathan Ericsson.
0:45 of 1st period - Shot Blocked by Derek Meech.
0:47 of 1st period - Snap shot by Jay Beagle.
0:47 of 1st period - Shot Misses the Net.
0:49 of 1st period - Slapshot by Vladimir Orszagh.
0:49 of 1st period - Goal by Vladimir Orszagh - Inferno : 0 - River Rats : 1.
0:50 of 1st period - Kyle Chipchura wins face-off versus Jake Dowell in neutral zone.
1:22 of 1st period - Jay Pandolfo is hit by Tyler Bozak and loses puck.
3:03 of 1st period - Snap shot by Tyler Bozak.
3:03 of 1st period - Shot Misses the Net.
3:09 of 1st period - Vladimir Orszagh is hit by Brian Boyle and loses puck.
3:27 of 1st period - Andrej Sekera is hit by Chris Mcallister and loses puck.
3:52 of 1st period - Snap shot by Trent Hunter.
3:52 of 1st period - Shot Misses the Net.
3:54 of 1st period - Slapshot by Kyle Chipchura.
3:54 of 1st period - Shot Blocked by Vladimir Zharkov.
4:13 of 1st period - Snap shot by Jay Pandolfo.
4:13 of 1st period - Stopped by Barry Brust without a rebound.
4:14 of 1st period - Dustin Boyd wins face-off versus Mikhail Grabovski in River Rats zone.
4:14 of 1st period - Dustin Boyd is hit by Mikhail Grabovski.
4:24 of 1st period - Snap shot by Dustin Boyd.
4:24 of 1st period - Deflect By Lee Stempniak.
4:24 of 1st period - Stopped by Jonathan Boutin without a rebound.
4:25 of 1st period - Brian Boyle wins face-off versus Dustin Boyd in Inferno zone.
4:25 of 1st period - Brian Boyle is hit by Chris Mcallister.
4:59 of 1st period - Snap shot by Tyler Bozak.
4:59 of 1st period - Shot Misses the Net.
5:02 of 1st period - Icing by Branko Radivojevic.
5:03 of 1st period - Benn Ferriero wins face-off versus Mikhail Grabovski in Inferno zone.
5:22 of 1st period - Vladimir Orszagh is hit by Branko Radivojevic and loses puck.
5:27 of 1st period - Slapshot by Branko Radivojevic.
5:27 of 1st period - Shot Blocked by Andy Greene.
5:29 of 1st period - Slapshot by Derek Meech.
5:29 of 1st period - Shot Misses the Net.
5:31 of 1st period - Snap shot by Jay Pandolfo.
5:31 of 1st period - Deflect By Mikhail Grabovski.
5:31 of 1st period - Shot Blocked by Vladimir Orszagh.
5:31 of 1st period - Puck is out of play.
5:32 of 1st period - Dustin Boyd wins face-off versus Brian Boyle in River Rats zone.
5:45 of 1st period - Stephane Veilleux is hit by Lee Stempniak and loses puck.
6:19 of 1st period - Slapshot by Martin Grenier.
6:19 of 1st period - Deflect By Brad Marchand.
6:19 of 1st period - Stopped by Jonathan Boutin with a rebound.
6:43 of 1st period - Snap shot by Jay Pandolfo.
6:43 of 1st period - Shot Misses the Net.
7:00 of 1st period - Minor Penalty to Matt Jones for Holding.
7:01 of 1st period - Kyle Chipchura wins face-off versus Jay Pandolfo in River Rats zone.
7:12 of 1st period - Snap shot by Branko Radivojevic.
7:12 of 1st period - Shot Misses the Net.
8:03 of 1st period - Jonathan Ferland is hit by Martin Grenier and loses puck.
8:52 of 1st period - Andrej Sekera is hit by Bryan Bickell and loses puck.
9:00 of 1st period - Penalty to Matt Jones is over, Matt Jones is back on ice.
9:01 of 1st period - Matt Jones is hit by Brendan Smith and loses puck.
9:20 of 1st period - Snap shot by Vladimir Orszagh.
9:20 of 1st period - Shot Misses the Net.
9:22 of 1st period - Snap shot by Vladimir Orszagh.
9:22 of 1st period - Stopped by Jonathan Boutin with a rebound.
9:24 of 1st period - Snap shot by Vladimir Orszagh.
9:24 of 1st period - Shot Misses the Net.
9:26 of 1st period - Wrist shot by Benn Ferriero.
9:26 of 1st period - Stopped by Jonathan Boutin with a rebound.
10:12 of 1st period - Brett Maclean is hit by Brendan Smith and loses puck.
10:19 of 1st period - Brendan Smith is hit by Brett Maclean and loses puck.
10:36 of 1st period - Jay Pandolfo is hit by Andrej Meszaros.
11:03 of 1st period - Brian Boyle is hit by Lee Stempniak and loses puck.
11:10 of 1st period - Snap shot by Lee Stempniak.
11:10 of 1st period - Shot Misses the Net.
11:12 of 1st period - Slapshot by Lee Stempniak.
11:12 of 1st period - Deflect By Brian Boyle.
11:12 of 1st period - Shot Blocked by Brendan Mikkelson.
11:12 of 1st period - Puck is out of play.
11:13 of 1st period - Mikhail Grabovski wins face-off versus Tyler Bozak in Inferno zone.
12:10 of 1st period - Slapshot by Pierre-Luc Létourneau.
12:10 of 1st period - Stopped by Barry Brust without a rebound.
12:11 of 1st period - Mikhail Grabovski wins face-off versus Dustin Boyd in River Rats zone.
12:12 of 1st period - Wrist shot by Branko Radivojevic.
12:12 of 1st period - Deflect By Dustin Boyd.
12:12 of 1st period - Stopped by Barry Brust without a rebound.
12:13 of 1st period - Dustin Boyd wins face-off versus Mikhail Grabovski in River Rats zone.
12:18 of 1st period - Branko Radivojevic is hit by Chris Mcallister and loses puck.
12:29 of 1st period - Snap shot by Lee Stempniak.
12:29 of 1st period - Stopped by Jonathan Boutin without a rebound.
12:30 of 1st period - Mikael Renberg wins face-off versus Brian Boyle in Inferno zone.
12:33 of 1st period - Snap shot by Brett Maclean.
12:33 of 1st period - Shot Misses the Net.
12:35 of 1st period - Slapshot by Andy Greene.
12:35 of 1st period - Shot Misses the Net.
12:37 of 1st period - Snap shot by Brett Maclean.
12:37 of 1st period - Stopped by Jonathan Boutin without a rebound.
12:38 of 1st period - Mikael Renberg wins face-off versus Brian Boyle in Inferno zone.
12:47 of 1st period - Andrej Sekera is hit by Mikael Renberg and loses puck.
12:52 of 1st period - Snap shot by Mikael Renberg.
12:52 of 1st period - Stopped by Jonathan Boutin with a rebound.
12:54 of 1st period - Slapshot by Andy Greene.
12:54 of 1st period - Shot Misses the Net.
12:56 of 1st period - Slapshot by Tyler Bozak.
12:56 of 1st period - Stopped by Jonathan Boutin with a rebound.
12:58 of 1st period - Snap shot by Tyler Bozak.
12:58 of 1st period - Shot Misses the Net.
13:24 of 1st period - Slapshot by Mikael Renberg.
13:24 of 1st period - Stopped by Jonathan Boutin with a rebound.
13:28 of 1st period - Snap shot by Tyler Bozak.
13:28 of 1st period - Shot Misses the Net.
13:30 of 1st period - Slapshot by Andy Greene.
13:30 of 1st period - Shot Blocked by Andrej Sekera.
13:51 of 1st period - Wrist shot by Mikael Renberg.
13:51 of 1st period - Stopped by Jonathan Boutin with a rebound.
13:53 of 1st period - Snap shot by Tyler Bozak.
13:53 of 1st period - Shot Misses the Net.
13:55 of 1st period - Backhand shot by Andy Greene.
13:55 of 1st period - Goal by Andy Greene - Inferno : 0 - River Rats : 2.
13:56 of 1st period - Mikhail Grabovski wins face-off versus Dustin Boyd in neutral zone.
13:59 of 1st period - Backhand shot by Branko Radivojevic.
13:59 of 1st period - Shot Misses the Net.
14:01 of 1st period - Snap shot by Brendan Smith.
14:01 of 1st period - Stopped by Barry Brust without a rebound.
14:02 of 1st period - Branko Radivojevic wins face-off versus Dustin Boyd in River Rats zone.
14:42 of 1st period - Minor Penalty to Brad Marchand for Holding.
14:43 of 1st period - Brian Boyle wins face-off versus Dustin Boyd in Inferno zone.
15:08 of 1st period - Jonathan Ericsson is hit by Branko Radivojevic and loses puck.
15:45 of 1st period - Backhand shot by Jay Pandolfo.
15:45 of 1st period - Goal by Jay Pandolfo - Inferno : 1 - River Rats : 2.
15:46 of 1st period - Dustin Boyd wins face-off versus Brian Boyle in neutral zone.
16:02 of 1st period - Wrist shot by Dustin Boyd.
16:02 of 1st period - Shot Misses the Net.
16:20 of 1st period - Snap shot by Jay Pandolfo.
16:20 of 1st period - Stopped by Barry Brust without a rebound.
16:21 of 1st period - Brian Boyle wins face-off versus Dustin Boyd in River Rats zone.
16:26 of 1st period - Snap shot by Brian Boyle.
16:26 of 1st period - Stopped by Barry Brust with a rebound.
16:42 of 1st period - Penalty to Brad Marchand is over, Brad Marchand is back on ice.
16:53 of 1st period - Icing by Matt Smaby.
16:54 of 1st period - Dustin Boyd wins face-off versus Vladimir Sobotka in Inferno zone.
17:13 of 1st period - Matt Smaby is hit by Lee Stempniak and loses puck.
17:23 of 1st period - Off-side.
17:24 of 1st period - Tyler Bozak wins face-off versus Mikhail Grabovski in neutral zone.
17:51 of 1st period - Andy Greene is hit by Stephane Veilleux and loses puck.
17:56 of 1st period - Wrist shot by Stephane Veilleux.
17:56 of 1st period - Shot Misses the Net.
18:16 of 1st period - Slapshot by Andrej Meszaros.
18:16 of 1st period - Deflect By Trent Hunter.
18:16 of 1st period - Deflect By Derek Meech.
18:16 of 1st period - Stopped by Jonathan Boutin with a rebound.
18:18 of 1st period - Slapshot by Andrej Meszaros.
18:18 of 1st period - Stopped by Jonathan Boutin with a rebound.
18:20 of 1st period - Slapshot by Andrej Meszaros.
18:20 of 1st period - Stopped by Jonathan Boutin without a rebound.
18:21 of 1st period - Mikhail Grabovski wins face-off versus Kyle Chipchura in Inferno zone.
18:28 of 1st period - Snap shot by Bryan Bickell.
18:28 of 1st period - Shot Blocked by Branko Radivojevic.
18:34 of 1st period - Slapshot by Branko Radivojevic.
18:34 of 1st period - Goal by Branko Radivojevic - Inferno : 2 - River Rats : 2.
18:35 of 1st period - Dustin Boyd wins face-off versus Jay Pandolfo in neutral zone.
18:50 of 1st period - Chris Mcallister is hit by Jay Pandolfo and loses puck.
19:09 of 1st period - Slapshot by Matt Smaby.
19:09 of 1st period - Deflect By Brian Boyle.
19:09 of 1st period - Stopped by Barry Brust with a rebound.
19:25 of 1st period - Slapshot by Benn Ferriero.
19:25 of 1st period - Shot Blocked by Alex Berry.
19:27 of 1st period - Snap shot by Jonathan Ericsson.
19:27 of 1st period - Stopped by Jonathan Boutin without a rebound.
19:28 of 1st period - Dustin Boyd wins face-off versus Mikhail Grabovski in Inferno zone.
19:41 of 1st period - Snap shot by Lee Stempniak.
19:41 of 1st period - Deflect By Dustin Boyd.
19:41 of 1st period - Goal by Dustin Boyd - Inferno : 2 - River Rats : 3.
19:42 of 1st period - Dustin Boyd wins face-off versus Jay Pandolfo in neutral zone.
19:44 of 1st period - Minor Penalty to Mikhail Grabovski for Interference.
19:45 of 1st period - Brian Boyle wins face-off versus Dustin Boyd in Inferno zone.
19:54 of 1st period - Andrej Meszaros is hit by Brian Boyle and loses puck.
2nd period
0:01 of 2nd period - Brian Boyle wins face-off versus Dustin Boyd in neutral zone.
0:34 of 2nd period - Snap shot by Tyler Bozak.
0:34 of 2nd period - Stopped by Jonathan Boutin with a rebound.
0:36 of 2nd period - Snap shot by Andrej Meszaros.
0:36 of 2nd period - Deflect By Brett Maclean.
0:36 of 2nd period - Shot Misses the Net.
0:36 of 2nd period - Puck is out of play.
0:37 of 2nd period - Brian Boyle wins face-off versus Tyler Bozak in Inferno zone.
0:43 of 2nd period - Icing by Martin Grenier.
0:44 of 2nd period - Tyler Bozak wins face-off versus Brian Boyle in River Rats zone.
1:01 of 2nd period - Wrist shot by Tyler Bozak.
1:01 of 2nd period - Goal by Tyler Bozak - Inferno : 2 - River Rats : 4.
1:01 of 2nd period - Josh Harding enters game.
1:02 of 2nd period - Dustin Boyd wins face-off versus Mikhail Grabovski in neutral zone.
1:43 of 2nd period - Wrist shot by Dustin Boyd.
1:43 of 2nd period - Stopped by Josh Harding with a rebound.
1:45 of 2nd period - Snap shot by Lee Stempniak.
1:45 of 2nd period - Deflect By Chris Mcallister.
1:45 of 2nd period - Shot Misses the Net.
1:45 of 2nd period - Puck is out of play.
1:46 of 2nd period - Jay Pandolfo wins face-off versus Tyler Bozak in Inferno zone.
1:59 of 2nd period - Wrist shot by Jay Pandolfo.
1:59 of 2nd period - Stopped by Barry Brust without a rebound.
2:00 of 2nd period - Mikhail Grabovski wins face-off versus Benn Ferriero in River Rats zone.
2:03 of 2nd period - Wrist shot by Branko Radivojevic.
2:03 of 2nd period - Stopped by Barry Brust with a rebound.
2:27 of 2nd period - Brett Maclean is hit by Derek Meech and loses puck.
2:46 of 2nd period - Andy Greene is hit by Brendan Smith and loses puck.
3:07 of 2nd period - Brendan Smith is hit by Andrej Meszaros and loses puck.
3:32 of 2nd period - Mikhail Grabovski is hit by Andrej Meszaros and loses puck.
4:32 of 2nd period - Matt Smaby is hit by Trent Hunter and loses puck.
5:38 of 2nd period - Wrist shot by Brad Marchand.
5:38 of 2nd period - Goal by Brad Marchand - Inferno : 3 - River Rats : 4.
5:39 of 2nd period - Dustin Boyd wins face-off versus Mikhail Grabovski in neutral zone.
5:42 of 2nd period - Wrist shot by Martin Grenier.
5:42 of 2nd period - Shot Misses the Net.
6:11 of 2nd period - Slapshot by Andrej Meszaros.
6:11 of 2nd period - Stopped by Josh Harding without a rebound.
6:12 of 2nd period - Dustin Boyd wins face-off versus Brian Boyle in Inferno zone.
6:44 of 2nd period - Wrist shot by Jonathan Ericsson.
6:44 of 2nd period - Deflect By Andrej Sekera.
6:44 of 2nd period - Stopped by Josh Harding with a rebound.
6:46 of 2nd period - Snap shot by Benn Ferriero.
6:46 of 2nd period - Goal by Benn Ferriero - Inferno : 3 - River Rats : 5.
6:47 of 2nd period - Dustin Boyd wins face-off versus Mikhail Grabovski in neutral zone.
7:02 of 2nd period - Lee Stempniak is hit by Jay Pandolfo and loses puck.
7:25 of 2nd period - Wrist shot by Vladimir Orszagh.
7:25 of 2nd period - Shot Misses the Net.
7:27 of 2nd period - Wrist shot by Jay Beagle.
7:27 of 2nd period - Goal by Jay Beagle - Inferno : 3 - River Rats : 6.
7:28 of 2nd period - Lee Stempniak wins face-off versus Stephane Veilleux in neutral zone.
8:00 of 2nd period - Brad Marchand is hit by Mikael Renberg and loses puck.
8:21 of 2nd period - Wrist shot by Jay Pandolfo.
8:21 of 2nd period - Stopped by Barry Brust without a rebound.
8:22 of 2nd period - Mikhail Grabovski wins face-off versus Dustin Boyd in River Rats zone.
8:23 of 2nd period - Wrist shot by Jay Pandolfo.
8:23 of 2nd period - Shot Misses the Net.
8:35 of 2nd period - Slapshot by Jonathan Ericsson.
8:35 of 2nd period - Stopped by Josh Harding with a rebound.
8:37 of 2nd period - Slapshot by Jonathan Ericsson.
8:37 of 2nd period - Stopped by Josh Harding with a rebound.
9:41 of 2nd period - Wrist shot by Lee Stempniak.
9:41 of 2nd period - Shot Blocked by Matt Smaby.
11:07 of 2nd period - Icing by Andy Greene.
11:08 of 2nd period - Brian Boyle wins face-off versus Tyler Bozak in River Rats zone.
11:22 of 2nd period - Minor Penalty to Brendan Mikkelson for Roughing.
11:23 of 2nd period - Dustin Boyd wins face-off versus Brian Boyle in Inferno zone.
11:32 of 2nd period - Snap shot by Dustin Boyd.
11:32 of 2nd period - Shot Misses the Net.
11:34 of 2nd period - Wrist shot by Mikael Renberg.
11:34 of 2nd period - Shot Blocked by Brian Boyle.
11:36 of 2nd period - Slapshot by Jonathan Ericsson.
11:36 of 2nd period - Shot Misses the Net.
11:54 of 2nd period - Wrist shot by Lee Stempniak.
11:54 of 2nd period - Shot Misses the Net.
11:56 of 2nd period - Slapshot by Jonathan Ericsson.
11:56 of 2nd period - Goal by Jonathan Ericsson - Inferno : 3 - River Rats : 7.
11:57 of 2nd period - Jay Pandolfo wins face-off versus Dustin Boyd in neutral zone.
12:00 of 2nd period - Backhand shot by Mikhail Grabovski.
12:00 of 2nd period - Shot Blocked by Matt Jones.
12:02 of 2nd period - Snap shot by Mikhail Grabovski.
12:02 of 2nd period - Stopped by Barry Brust without a rebound.
12:03 of 2nd period - Dustin Boyd wins face-off versus Mikhail Grabovski in River Rats zone.
12:03 of 2nd period - Double Minor Penalty to Branko Radivojevic for Roughing.
12:04 of 2nd period - Brian Boyle wins face-off versus Dustin Boyd in Inferno zone.
12:16 of 2nd period - Slapshot by Dustin Boyd.
12:16 of 2nd period - Shot Misses the Net.
13:05 of 2nd period - Derek Meech is hit by Dustin Boyd and loses puck.
13:16 of 2nd period - Lee Stempniak is hit by Brian Boyle and loses puck.
13:55 of 2nd period - Jay Pandolfo is hit by Jonathan Ericsson and loses puck.
14:24 of 2nd period - Mikhail Grabovski is hit by Brett Maclean.
16:03 of 2nd period - Penalty to Branko Radivojevic is over, Branko Radivojevic is back on ice.
16:11 of 2nd period - Snap shot by Mikhail Grabovski.
16:11 of 2nd period - Goal by Mikhail Grabovski - Inferno : 4 - River Rats : 7.
16:12 of 2nd period - Benn Ferriero wins face-off versus Vladimir Zharkov in neutral zone.
16:27 of 2nd period - Slapshot by Matt Smaby.
16:27 of 2nd period - Shot Misses the Net.
17:12 of 2nd period - Brian Boyle is hit by Chris Mcallister and loses puck.
17:31 of 2nd period - Snap shot by Alex Berry.
17:31 of 2nd period - Deflect By Pierre-Luc Létourneau.
17:31 of 2nd period - Stopped by Barry Brust without a rebound.
17:32 of 2nd period - Tyler Bozak wins face-off versus Mikhail Grabovski in River Rats zone.
17:42 of 2nd period - Off-side.
17:43 of 2nd period - Mikhail Grabovski wins face-off versus Dustin Boyd in neutral zone.
17:45 of 2nd period - Off-side.
17:46 of 2nd period - Dustin Boyd wins face-off versus Mikhail Grabovski in neutral zone.
18:22 of 2nd period - Slapshot by Derek Meech.
18:22 of 2nd period - Stopped by Barry Brust with a rebound.
18:38 of 2nd period - Snap shot by Vladimir Orszagh.
18:38 of 2nd period - Stopped by Josh Harding with a rebound.
19:02 of 2nd period - Wrist shot by Brad Marchand.
19:02 of 2nd period - Stopped by Barry Brust with a rebound.
19:04 of 2nd period - Wrist shot by Brad Marchand.
19:04 of 2nd period - Stopped by Barry Brust without a rebound.
19:05 of 2nd period - Mikhail Grabovski wins face-off versus Tyler Bozak in River Rats zone.
19:12 of 2nd period - Slapshot by Andy Greene.
19:12 of 2nd period - Stopped by Josh Harding with a rebound.
19:30 of 2nd period - Jonathan Ferland is hit by Chris Mcallister and loses puck.
19:58 of 2nd period - Off-side.
19:59 of 2nd period - Tyler Bozak wins face-off versus Mikhail Grabovski in neutral zone.
3rd period
0:01 of 3rd period - Mikhail Grabovski wins face-off versus Dustin Boyd in neutral zone.
0:06 of 3rd period - Slapshot by Branko Radivojevic.
0:06 of 3rd period - Shot Misses the Net.
0:12 of 3rd period - Wrist shot by Branko Radivojevic.
0:12 of 3rd period - Shot Blocked by Andy Greene.
0:14 of 3rd period - Wrist shot by Jay Pandolfo.
0:14 of 3rd period - Stopped by Barry Brust with a rebound.
0:16 of 3rd period - Slapshot by Andrej Sekera.
0:16 of 3rd period - Stopped by Barry Brust with a rebound.
2:03 of 3rd period - Wrist shot by Stephane Veilleux.
2:03 of 3rd period - Shot Blocked by Lee Stempniak.
2:23 of 3rd period - Snap shot by Dustin Boyd.
2:23 of 3rd period - Stopped by Josh Harding with a rebound.
2:59 of 3rd period - Andrej Sekera is hit by Benn Ferriero and loses puck.
3:14 of 3rd period - Snap shot by Andy Greene.
3:14 of 3rd period - Stopped by Josh Harding without a rebound.
3:15 of 3rd period - Brian Boyle wins face-off versus Kyle Chipchura in Inferno zone.
3:27 of 3rd period - Minor Penalty to Bryan Bickell for Cross-checking.
3:28 of 3rd period - Jay Pandolfo wins face-off versus Kyle Chipchura in River Rats zone.
3:37 of 3rd period - Slapshot by Jonathan Ericsson.
3:37 of 3rd period - Stopped by Josh Harding with a rebound.
3:43 of 3rd period - Slapshot by Brendan Smith.
3:43 of 3rd period - Shot Misses the Net.
5:07 of 3rd period - Chris Mcallister is hit by Jay Pandolfo and loses puck.
5:27 of 3rd period - Penalty to Bryan Bickell is over, Bryan Bickell is back on ice.
5:34 of 3rd period - Andrej Sekera is hit by Benn Ferriero and loses puck.
5:53 of 3rd period - Snap shot by Bryan Bickell.
5:53 of 3rd period - Shot Blocked by Andrej Sekera.
5:55 of 3rd period - Slapshot by Andrej Meszaros.
5:55 of 3rd period - Goal by Andrej Meszaros - Inferno : 4 - River Rats : 8.
5:55 of 3rd period - Jonathan Boutin enters game.
5:56 of 3rd period - Dustin Boyd wins face-off versus Mikhail Grabovski in neutral zone.
5:58 of 3rd period - Off-side.
5:59 of 3rd period - Mikhail Grabovski wins face-off versus Dustin Boyd in neutral zone.
6:02 of 3rd period - Wrist shot by Mikhail Grabovski.
6:02 of 3rd period - Deflect By Branko Radivojevic.
6:02 of 3rd period - Shot Misses the Net.
6:02 of 3rd period - Puck is out of play.
6:03 of 3rd period - Dustin Boyd wins face-off versus Jay Pandolfo in River Rats zone.
6:36 of 3rd period - Stephane Veilleux is hit by Andrej Meszaros and loses puck.
6:49 of 3rd period - Wrist shot by Brad Marchand.
6:49 of 3rd period - Shot Misses the Net.
6:51 of 3rd period - Snap shot by Vladimir Sobotka.
6:51 of 3rd period - Shot Misses the Net.
6:53 of 3rd period - Slapshot by Vladimir Zharkov.
6:53 of 3rd period - Stopped by Barry Brust with a rebound.
6:55 of 3rd period - Slapshot by Brad Marchand.
6:55 of 3rd period - Shot Blocked by Jay Beagle.
6:57 of 3rd period - Slapshot by Brendan Mikkelson.
6:57 of 3rd period - Shot Misses the Net.
7:07 of 3rd period - Jake Dowell is hit by Bryan Bickell and loses puck.
7:56 of 3rd period - Snap shot by Jonathan Ferland.
7:56 of 3rd period - Stopped by Barry Brust without a rebound.
7:57 of 3rd period - Dustin Boyd wins face-off versus Mikhail Grabovski in River Rats zone.
8:22 of 3rd period - Martin Grenier is hit by Jonathan Ferland and loses puck.
8:48 of 3rd period - Andy Greene is hit by Vladimir Sobotka and loses puck.
9:15 of 3rd period - Brendan Smith is hit by Niklas Hjalmarsson and loses puck.
9:26 of 3rd period - Wrist shot by Mikhail Grabovski.
9:26 of 3rd period - Stopped by Barry Brust without a rebound.
9:27 of 3rd period - Dustin Boyd wins face-off versus Mikhail Grabovski in River Rats zone.
9:37 of 3rd period - Minor Penalty to Jonathan Ericsson for Cross-checking.
9:38 of 3rd period - Kyle Chipchura wins face-off versus Mikhail Grabovski in River Rats zone.
11:37 of 3rd period - Penalty to Jonathan Ericsson is over, Jonathan Ericsson is back on ice.
11:47 of 3rd period - Icing by Benn Ferriero.
11:48 of 3rd period - Benn Ferriero wins face-off versus Jake Dowell in River Rats zone.
11:48 of 3rd period - Benn Ferriero is hit by Jake Dowell.
12:01 of 3rd period - Off-side.
12:02 of 3rd period - Mikhail Grabovski wins face-off versus Dustin Boyd in neutral zone.
12:05 of 3rd period - Wrist shot by Jay Pandolfo.
12:05 of 3rd period - Stopped by Barry Brust without a rebound.
12:06 of 3rd period - Mikhail Grabovski wins face-off versus Dustin Boyd in River Rats zone.
12:09 of 3rd period - Slapshot by Jay Pandolfo.
12:09 of 3rd period - Shot Misses the Net.
12:11 of 3rd period - Snap shot by Branko Radivojevic.
12:11 of 3rd period - Stopped by Barry Brust with a rebound.
12:13 of 3rd period - Slapshot by Jay Pandolfo.
12:13 of 3rd period - Stopped by Barry Brust with a rebound.
12:15 of 3rd period - Backhand shot by Alec Martinez.
12:15 of 3rd period - Stopped by Barry Brust without a rebound.
12:16 of 3rd period - Mikhail Grabovski wins face-off versus Dustin Boyd in River Rats zone.
12:41 of 3rd period - Andrej Meszaros is hit by Stephane Veilleux.
12:47 of 3rd period - Wrist shot by Brian Boyle.
12:47 of 3rd period - Stopped by Barry Brust with a rebound.
12:49 of 3rd period - Snap shot by Stephane Veilleux.
12:49 of 3rd period - Stopped by Barry Brust without a rebound.
12:50 of 3rd period - Mikhail Grabovski wins face-off versus Dustin Boyd in River Rats zone.
12:59 of 3rd period - Snap shot by Jay Pandolfo.
12:59 of 3rd period - Deflect By Branko Radivojevic.
12:59 of 3rd period - Shot Misses the Net.
12:59 of 3rd period - Puck is out of play.
13:00 of 3rd period - Chris Mcallister wins face-off versus Mikhail Grabovski in River Rats zone.
13:13 of 3rd period - Wrist shot by Dustin Boyd.
13:13 of 3rd period - Shot Blocked by Jay Pandolfo.
13:15 of 3rd period - Backhand shot by Jonathan Ericsson.
13:15 of 3rd period - Stopped by Jonathan Boutin with a rebound.
13:38 of 3rd period - Wrist shot by Branko Radivojevic.
13:38 of 3rd period - Stopped by Barry Brust with a rebound.
13:40 of 3rd period - Slapshot by Derek Meech.
13:40 of 3rd period - Deflect By Dustin Boyd.
13:40 of 3rd period - Stopped by Barry Brust with a rebound.
13:42 of 3rd period - Backhand shot by Jay Pandolfo.
13:42 of 3rd period - Shot Blocked by Jonathan Ericsson.
13:44 of 3rd period - Slapshot by Derek Meech.
13:44 of 3rd period - Shot Misses the Net.
13:46 of 3rd period - Wrist shot by Alec Martinez.
13:46 of 3rd period - Deflect By Branko Radivojevic.
13:46 of 3rd period - Shot Blocked by Dustin Boyd.
13:46 of 3rd period - Puck is out of play.
13:47 of 3rd period - Brian Boyle wins face-off versus Tyler Bozak in River Rats zone.
14:17 of 3rd period - Vladimir Orszagh is hit by Vladimir Zharkov and loses puck.
14:38 of 3rd period - Backhand shot by Trent Hunter.
14:38 of 3rd period - Shot Hit the Post.
14:40 of 3rd period - Snap shot by Kyle Chipchura.
14:40 of 3rd period - Shot Blocked by Brendan Mikkelson.
14:42 of 3rd period - Snap shot by Niklas Hjalmarsson.
14:42 of 3rd period - Shot Misses the Net.
15:36 of 3rd period - Icing by Martin Grenier.
15:37 of 3rd period - Jake Dowell wins face-off versus Kyle Chipchura in River Rats zone.
18:14 of 3rd period - Snap shot by Vladimir Sobotka.
18:14 of 3rd period - Shot Blocked by Jay Beagle.
18:34 of 3rd period - Slapshot by Andy Greene.
18:34 of 3rd period - Stopped by Jonathan Boutin with a rebound.
18:52 of 3rd period - Tyler Bozak is hit by Derek Meech and loses puck.
19:16 of 3rd period - Slapshot by Jonathan Ericsson.
19:16 of 3rd period - Shot Misses the Net.
19:36 of 3rd period - Slapshot by Matt Jones.
19:36 of 3rd period - Deflect By Benn Ferriero.
19:36 of 3rd period - Stopped by Jonathan Boutin without a rebound.
19:37 of 3rd period - Tyler Bozak wins face-off versus Mikhail Grabovski in Inferno zone.
19:52 of 3rd period - Backhand shot by Brett Maclean.
19:52 of 3rd period - Shot Misses the Net.
Output by the SimonT Hockey Simulator (STHS) for François Prévost -- Original Page W3C XHTML 1.0 Valid